[Event "*** SCC Grand Prix: Titled Tuesday Blitz"]
[Site "Chess.com"]
[Date "2020.07.07"]
[Round "3"]
[White "Forantes"]
[Black "LawrenceTrent"]
[Result "1-0"]
[WhiteElo "2339"]
[BlackElo "2509"]
[TimeControl "180+1"]
[EndTime "10:29:02 PDT"]
[Termination "Forantes won by resignation"]

1. Nf3 d5 2. g3 Nc6 3. d4 Bf5 4. Bg2 e6 5. O-O h5 6. h4 Nf6 7. c4 Be7 8. Nc3 Ne4 9. Qb3 Na5 10.
Qa4+ c6 11. cxd5 Nxc3 12. bxc3 exd5 13. Ne5 f6 14. Nd3 Nc4 15. Rb1 Qd7 16. e4 b5 17.
Qa6 Bxe4 18. Bxe4 dxe4 19. Nf4 Rh7 20. d5 Ne5 21. dxc6 Qxc6 22. Qxc6+ Nxc6 23. Rxb5 Ne5 24. Be3 Kf7 25. Rb7 g5 26. Nd5 Re8 27. hxg5 h4 28.
gxf6 hxg3 29. fxg3 Nf3+ 30. Rxf3 exf3 31. Rxe7+ Rxe7 32. fxe7 Ke6 33. e8=Q+ 1-0

[Event "*** SCC Grand Prix: Titled Tuesday Blitz"]
[Site "Chess.com"]
[Date "2020.07.07"]
[Round "3"]
[White "stanyga"]
[Black "Msb2"]
[Result "0-1"]
[WhiteElo "2631"]
[BlackElo "2857"]
[TimeControl "180+1"]
[EndTime "10:29:03 PDT"]
[Termination "Msb2 won by checkmate"]

1. d4 d5 2. c4 c6 3. Nf3 Nf6 4.
Nc3 dxc4 5. a4 Bf5 6. e3 e6 7. Bxc4 Bb4 8. O-O O-O 9. Bd2 a5 10. h3 h6 11. Re1 Bh7 12. Bb3 Nbd7 13. Bc2 Bxc2 14. Qxc2 c5 15. Nb5 Bxd2 16. Qxd2 Qe7 17. Rac1 Rfc8 18. Ne5 Nxe5 19. dxe5 Nd5 20. e4 Nb4 21.
Re3 Qg5 22. Nd6 Rc7 23. Nc4 Rd8 24. Qe2 Rcd7 25. g3 Rd3 26. f4 Rxe3 27. Qxe3 Qh5 28. g4 Qh4 29. Nd6 b6 30. Kg2 Nc6 31. Qg3 Qe7 32.
h4 f6 33. g5 fxe5 34. fxe5 Nxe5 35. gxh6 Rxd6 36. Qxe5 Rd2+ 37. Kf3 Qf7+ 38. Ke3 Qf2# 0-1

[Event "*** SCC Grand Prix: Titled Tuesday Blitz"]
[Site "Chess.com"]
[Date "2020.07.07"]
[Round "3"]
[White "S2PAc"]
[Black "Matveev_Vladimir"]
[Result "1-0"]
[WhiteElo "2773"]
[BlackElo "2537"]
[TimeControl "180+1"]
[EndTime "10:29:03 PDT"]
[Termination "S2PAc won by resignation"]

1. d4 Nf6 2. g3 g6 3. Bg2 c5 4. d5 Bg7 5. c4 O-O 6. Nc3 e6 7. Nf3 exd5 8. cxd5 b5 9. Nxb5 Qa5+ 10. Nc3 Ne4 11. Bd2 Nxd2 12. Qxd2 d6 13. O-O Ba6 14. Qc2 Re8 15. Rfe1 Nd7 16. Nd2 Rab8 17. Rac1 Qc7 18. b3 Nf6 19. Nc4 Rb4 20. a3 Rbb8 21. h3 Nd7 22. Ne4 Bxc4 23. bxc4 Rb2 24. Qa4 Reb8 25. Qc6 Qd8 26. Qxd6 Be5 27. Qa6 Bd4 28. e3 Be5 29. Qc6 R2b6 30. Qa4 Qc7 31. d6 Qd8 32. Rcd1 Rb2 33.
Qxa7 f5 34. Nxc5 Nxc5 35. Qxc5 Bc3 36. Rf1 Rc8 37. Qd5+ Kh8 38. c5 Qd7 39. c6 1-0

[Event "*** SCC Grand Prix: Titled Tuesday Blitz"]
[Site "Chess.com"]
[Date "2020.07.07"]
[Round "3"]
[White "Srisshhhtea"]
[Black "PauloCesarCosta_sad"]
[Result "1-0"]
[WhiteElo "2493"]
[BlackElo "2221"]
[TimeControl "180+1"]
[EndTime "10:29:03 PDT"]
[Termination "Srisshhhtea won by checkmate"]

1. d4 d5 2. c4 c6 3. cxd5 cxd5 4.
Nc3 Nf6 5. Bf4 e6 6. e3 Bd6 7.
Bxd6 Qxd6 8. f4 O-O 9. Nf3 b6 10. Bd3 Ba6 11. O-O Bxd3 12. Qxd3 Nbd7 13. Ne5 Rac8 14.
Rf3 Qb4 15. Rb1 g6 16. h4 Nxe5 17. fxe5 Nh5 18. g4 Ng7 19. h5 Qc4 20. Qd2 gxh5 21. gxh5 Kh8 22. Kh1 Nf5 23. Qf2 Rg8 24. Rf1 Rg7 25.
Rxf5 exf5 26. Qxf5 h6 27. Qf6 Rg8 28. Qxh6+ Rh7 29.
Qf6+ Rgg7 30. h6 Kg8 31. Qd8# 1-0

[Event "*** SCC Grand Prix: Titled Tuesday Blitz"]
[Site "Chess.com"]
[Date "2020.07.07"]
[Round "3"]
[White "swimmerchess"]
[Black "Sammed_Shete"]
[Result "1-0"]
[WhiteElo "2806"]
[BlackElo "2602"]
[TimeControl "180+1"]
[EndTime "10:29:04 PDT"]
[Termination "swimmerchess won by resignation"]

1. e4 c5 2. Nf3 Nc6 3. Nc3 e5 4.
Bc4 d6 5. d3 Be7 6. O-O Nf6 7.
Ng5 O-O 8. f4 exf4 9. Bxf4 Ne5 10. Bb3 Bg4 11. Qd2 h6 12. Nf3 Nxf3+ 13. gxf3 Bh3 14.
Kh1 Bxf1 15. Rxf1 Nh7 16. Be3 Kh8 17. Rg1 f5 18. Qg2 Bf6 19. Nd5 fxe4 20. dxe4 Ng5 21. f4 Nh7 22. c3 Qd7 23. Bc2 Rae8 24. c4 Rg8 25. e5 dxe5 26. Qg6 Nf8 27. Nxf6 Qc6+ 28.
Be4 Qxf6 29. Qxe8 exf4 30. Bxc5 Ne6 31. Qe7 Nxc5 32. Qxc5 f3 33. Rf1 Qxb2 34. Rxf3 Qa1+ 35. Qg1 Qxa2 36. Qg6 Qa1+ 37. Kg2 Qb2+ 38. Rf2 Qxf2+ 39. Kxf2 Rf8+ 40. Kg2 1-0

[Event "*** SCC Grand Prix: Titled Tuesday Blitz"]
[Site "Chess.com"]
[Date "2020.07.07"]
[Round "3"]
[White "PattyCastillo"]
[Black "GMJustin"]
[Result "0-1"]
[WhiteElo "1947"]
[BlackElo "2264"]
[TimeControl "180+1"]
[EndTime "10:29:04 PDT"]
[Termination "GMJustin won on time"]

1. d4 d5 2. Nf3 Nf6 3. e3 e6 4.
Bd3 c5 5. b3 Nc6 6. Bb2 Bd6 7.
O-O O-O 8. a3 Qe7 9. Ne5 Bxe5 10. dxe5 Nd7 11. f4 Rb8 12. Nd2 b5 13. Rb1 c4 14. bxc4 bxc4 15. Be2 Rxb2 16. Rxb2 c3 17. Rb3 cxd2 18. Qxd2 Nc5 19. Rbb1 Ne4 20. Qc1 Nc3 21. Bd3 Nxb1 22. Qxb1 f6 23. c4 g6 24. cxd5 exd5 25.
Bb5 Qc5 26. Rc1 Qxe3+ 27. Kh1 Nd4 28. Ba4 fxe5 29. fxe5 Qxe5 30. Bb3 Bf5 31. Qb2 Be4 32. Qd2 Nxb3 0-1

[Event "*** SCC Grand Prix: Titled Tuesday Blitz"]
[Site "Chess.com"]
[Date "2020.07.07"]
[Round "3"]
[White "Oleksandr_Bortnyk"]
[Black "PavelShkapenko"]
[Result "1-0"]
[WhiteElo "2920"]
[BlackElo "2600"]
[TimeControl "180+1"]
[EndTime "10:29:05 PDT"]
[Termination "Oleksandr_Bortnyk won by resignation"]

1. e4 c5 2. c3 d5 3. exd5 Qxd5 4. d4 Nc6 5. Nf3 Bf5 6. Be3 cxd4 7. Na3 e6 8. Nb5 Rc8 9. Nfxd4 Nge7 10. Nxf5 Qxd1+ 11. Rxd1 Nxf5 12. Bxa7 Nxa7 13. Nxa7 Ra8 14. Bb5+ Ke7 15. Rd7+ Kf6 16. Rxb7 Bc5 17. Nc6 Nd6 18. Rd7 Nxb5 19. f4 Rxa2 20. Ne5 Kf5 21. Ke2 Ke4 22. Nd3 Nxc3+ 23. Kd2 Na4 24. Re1+ Kf5 25. Rxf7+ Kg6 26. Rc7 Bd4 27. Rxe6+ Bf6 28. g4 h6 29. Ne5+ Kh7 30. Rxf6 Rxb2+ 31. Ke3 Rxh2 32. Rff7 Rg8 33. Nd7 Kg6 34.
Nf8+ Rxf8 35. Rxf8 Nb6 36. f5+ Kh7 37. Rd8 Rh3+ 38.
Ke4 Rb3 39. f6 Rb4+ 40. Kf3 Rb3+ 41. Ke2 1-0

[Event "*** SCC Grand Prix: Titled Tuesday Blitz"]
[Site "Chess.com"]
[Date "2020.07.07"]
[Round "3"]
[White "kleopl"]
[Black "ShapkinAnatoliy"]
[Result "0-1"]
[WhiteElo "2400"]
[BlackElo "2594"]
[TimeControl "180+1"]
[EndTime "10:29:06 PDT"]
[Termination "ShapkinAnatoliy won by resignation"]

1. c4 c5 2. Nf3 Nc6 3. Nc3 Nf6 4. g3 g6 5. d4 cxd4 6. Nxd4 Bg7 7. Bg2 O-O 8. O-O Qa5 9. Ncb5 a6 10. Nc3 d6 11.
Nxc6 bxc6 12. Bxc6 Rb8 13. Bg2 Be6 14. Nd5 Bxd5 15.
cxd5 Nd7 16. Bg5 Rfe8 17. Bh3 Nc5 18. Rb1 Qxa2 19. b4 Ne4 20. Qc1 Nc3 21. Rb2 Nxe2+ 22. Rxe2 Qxe2 23. Re1 Qb5 24. Bxe7 Bf8 25. Bxf8 Rxe1+ 26. Qxe1 Rxf8 27. Qe4 Rb8 28. Bd7 Qxb4 29. Qe7 a5 30.
Be8 Qb1+ 31. Kg2 Qf5 32. Bc6 Qe5 33. Qa7 Qe4+ 34. Kh3 Qb4 35. Qc7 Rf8 36. Qa7 Qc5 37. Qxc5 dxc5 38. d6 Rd8 39. d7 c4 40. Kg2 c3 41.
Ba4 Rxd7 0-1

[Event "*** SCC Grand Prix: Titled Tuesday Blitz"]
[Site "Chess.com"]
[Date "2020.07.07"]
[Round "3"]
[White "lucachess49"]
[Black "GEKKESPONS"]
[Result "1-0"]
[WhiteElo "2398"]
[BlackElo "2546"]
[TimeControl "180+1"]
[EndTime "10:29:06 PDT"]
[Termination "lucachess49 won on time"]

1. d4 d5 2. c4 e6 3. Nc3 Nf6 4. cxd5 Nxd5 5. e4 Nxc3 6. bxc3 c5 7. Nf3 cxd4 8. cxd4 Bb4+ 9. Bd2 Bxd2+ 10. Qxd2 O-O 11. Bc4 Nd7 12. O-O b6 13. Rad1 Bb7 14. Rfe1 Rc8 15.
Bb3 Nf6 16. Qf4 Qc7 17. Qh4 Rfd8 18. Ng5 h6 19. Nxe6 fxe6 20. Bxe6+ Kh8 21. Bxc8 Rxc8 22. d5 Qc4 23. d6 Rd8 24. f3 Kh7 25. Qf2 Qe6 26.
e5 Nd7 27. f4 Nc5 28. f5 Qc4 29. f6 g6 30. e6 Ne4 31. Qd4 Qxd4+ 32. Rxd4 Nxf6 33.
e7 Rc8 34. d7 1-0

[Event "*** SCC Grand Prix: Titled Tuesday Blitz"]
[Site "Chess.com"]
[Date "2020.07.07"]
[Round "3"]
[White "ThePatrick27"]
[Black "WashUntilHoles"]
[Result "1-0"]
[WhiteElo "2529"]
[BlackElo "2727"]
[TimeControl "180+1"]
[EndTime "10:29:07 PDT"]
[Termination "ThePatrick27 won on time"]

1. d4 Nf6 2. c4 g6 3. Nc3 Bg7 4. e4 d6 5. Nf3 O-O 6. Be2 e5 7. Be3 h6 8. dxe5 Ng4 9. Bc1 Nxe5 10. Nxe5 dxe5 11. Qxd8 Rxd8 12. Nd5 Na6 13. Be3 c6 14. Ne7+ Kh7 15. Nxc8 Rdxc8 16. O-O-O Rc7 17. Rd2 Bf8 18. Rhd1 Bc5 19. Rd7 Bxe3+ 20. fxe3 Rac8 21. R7d6 Nc5 22. Bg4 Re8 23. Bf3 a5 24. b3 Kg7 25. Kc2 Ree7 26. a3 b5 27. b4 axb4 28. axb4 Nb7 29. c5 h5 30. h4 Kf8 31. Kb3 Ke8 32. g4 Rcd7 33. Rxc6 Rxd1 34. Bxd1 Rd7 35. Kc2 Nd8 36. Rb6 1-0

[Event "*** SCC Grand Prix: Titled Tuesday Blitz"]
[Site "Chess.com"]
[Date "2020.07.07"]
[Round "3"]
[White "VladimirBelous"]
[Black "szachuspl"]
[Result "1-0"]
[WhiteElo "2726"]
[BlackElo "2486"]
[TimeControl "180+1"]
[EndTime "10:29:07 PDT"]
[Termination "VladimirBelous won on time"]

1. c4 Nf6 2. Nf3 g6 3. Nc3 Bg7 4. e4 d6 5. d4 O-O 6. h3 e5 7.
d5 a5 8. Be2 Na6 9. Bg5 h6 10.
Be3 Nc5 11. Nd2 Bd7 12. g4 Nh7 13. Rg1 Kh8 14. Nb3 b6 15. Qd2 Ng5 16. Nxc5 bxc5 17. Rg3 Bf6 18. h4 Nh7 19. g5 Be7 20. O-O-O hxg5 21.
hxg5 Kg7 22. f4 exf4 23. Bxf4 Rh8 24. e5 Bf5 25. Bg4 Qd7 26. Rdg1 Bxg4 27. Rxg4 Qf5 28. Qc2 Nf8 29. exd6 Bxd6 30. Qxf5 gxf5 31. Bxd6 cxd6 32. Rf4 Ng6 33. Rxf5 Ne5 34. b3 Rh2 35. Kb1 Rb8 36. Ka1 Rb7 37. Nb5 Rd7 38. Nxd6 Nd3 39. Ne8+ Kf8 40. g6 1-0

[Event "*** SCC Grand Prix: Titled Tuesday Blitz"]
[Site "Chess.com"]
[Date "2020.07.07"]
[Round "3"]
[White "GM_LOADING"]
[Black "awesomevishesh"]
[Result "1-0"]
[WhiteElo "2567"]
[BlackElo "2373"]
[TimeControl "180+1"]
[EndTime "10:29:07 PDT"]
[Termination "GM_LOADING won on time"]

1. e4 c5 2. Nf3 d6 3. d4 cxd4 4. Nxd4 Nf6 5. Nc3 a6 6. Be2 e5 7.
Nf3 Be7 8. Bg5 Nbd7 9. a4 h6 10.
Bh4 O-O 11. Nd2 b6 12. Nc4 Qc7 13. Ne3 Bb7 14. O-O Rac8 15. Bd3 Rfe8 16. Qe2 Nc5 17. Rad1 Nxd3 18. Qxd3 Qc5 19. Nf5 Qc7 20. Qg3 g6 21.
Nxh6+ Kf8 22. Qf3 Kg7 23. Bg5 Rf8 24. Qg3 Kh7 25. Qh4 Kg7 26. Nf5+ gxf5 27. Qh6+ Kg8 28. Bxf6 Bxf6 29. Qxf6 fxe4 30. Rxd6 Rfd8 31. Qg5+ Kf8 32. Rh6 1-0

[Event "*** SCC Grand Prix: Titled Tuesday Blitz"]
[Site "Chess.com"]
[Date "2020.07.07"]
[Round "3"]
[White "m-garcett"]
[Black "MarceloPlaya"]
[Result "1-0"]
[WhiteElo "2073"]
[BlackElo "2290"]
[TimeControl "180+1"]
[EndTime "10:29:07 PDT"]
[Termination "m-garcett won on time"]

1. e4 e6 2. d4 d5 3. Nc3 Bb4 4. e5 c5 5. a3 Bxc3+ 6. bxc3 Ne7 7. Qg4 Qc7 8. Qxg7 Rg8 9. Qxh7 cxd4 10. Ne2 dxc3 11.
f4 Nbc6 12. h4 Bd7 13. h5 O-O-O 14. Qd3 d4 15. h6 Ng6 16. h7 Rh8 17. g4 Ncxe5 18.
fxe5 Nxe5 19. Qg3 Bc6 20. Bf4 f6 21. Bxe5 fxe5 22. Bg2 Bb5 23. Be4 Rdf8 24. g5 Bc6 25. Qg2 Rxh7 26. Rxh7 Qxh7 27. Bxh7 Bxg2 28. O-O-O Rd8 29.
g6 Rd7 30. Rg1 Be4 31. Bg8 Re7 32. Bf7 1-0

[Event "*** SCC Grand Prix: Titled Tuesday Blitz"]
[Site "Chess.com"]
[Date "2020.07.07"]
[Round "3"]
[White "Chernobay_Artem"]
[Black "dretch"]
[Result "0-1"]
[WhiteElo "2605"]
[BlackElo "2809"]
[TimeControl "180+1"]
[EndTime "10:29:08 PDT"]
[Termination "dretch won on time"]

1. d4 d5 2. c4 c6 3. Nf3 Nf6 4. Nc3 dxc4 5. a4 Bf5 6. e3 e6 7. Bxc4 Bb4 8. O-O O-O 9. Qe2 Nbd7 10. e4 Bg4 11. Bd3 e5 12. Be3 exd4 13. Bxd4 Nc5 14. Bxc5 Bxc5 15. e5 Re8 16. Rfe1 Nd7 17.
Qe4 Nf6 18. Qc4 Bxf3 19. exf6 Rxe1+ 20. Rxe1 Qb6 21. gxf3 Bxf2+ 22. Kf1 Bxe1 23. Kxe1 Qg1+ 24. Kd2 Qxh2+ 25. Kd1 Rd8 26. fxg7 Qg2 27. Ne4 Qxg7 28. Kc2 Qd4 29. Qb3 Kg7 30. Ng5 Rd7 31. Ne4 h5 32.
Kd2 h4 0-1

[Event "*** SCC Grand Prix: Titled Tuesday Blitz"]
[Site "Chess.com"]
[Date "2020.07.07"]
[Round "3"]
[White "elamier"]
[Black "Sven_Tica"]
[Result "0-1"]
[WhiteElo "2303"]
[BlackElo "2641"]
[TimeControl "180+1"]
[EndTime "10:29:08 PDT"]
[Termination "Sven_Tica won by resignation"]

1. d4 d5 2. Nf3 e6 3. e3 c5 4. c3 Nf6 5. Bd3 b6 6. Nbd2 Bb7 7. O-O Bd6 8. Ne5 O-O 9. Qe2 Nc6 10. f4 Ne7 11. Qf3 Rc8 12. g4 Rc7 13. g5 Ne8 14.
Qh3 g6 15. Ndf3 Nf5 16. Bd2 Bxe5 17. Nxe5 f6 18. gxf6 Nxf6 19. Be1 Qe8 20. Bxf5 exf5 21. Bh4 Ne4 22. Kh1 Qb5 23. Qg2 Qe8 24. Rg1 Ba6 25.
Qh3 Nd6 26. Rg5 Bd3 27. Kg2 Be4+ 28. Kf2 Qb5 29. b3 cxd4 30. exd4 Rg7 31. Qe3 Rc8 32. Kg1 Qa5 33. Be1 Qa3 34. Qd2 Nb5 35. c4 dxc4 36.
bxc4 Nd6 37. Rc1 Rgc7 38. c5 bxc5 39. dxc5 Rxc5 40. Rxc5 Qxc5+ 41. Bf2 Qc1+ 42. Qxc1 Rxc1+ 43. Be1 Rxe1+ 44. Kf2 Ra1 0-1

[Event "*** SCC Grand Prix: Titled Tuesday Blitz"]
[Site "Chess.com"]
[Date "2020.07.07"]
[Round "3"]
[White "Maaikee"]
[Black "Artyom_ChessMate"]
[Result "0-1"]
[WhiteElo "2281"]
[BlackElo "2510"]
[TimeControl "180+1"]
[EndTime "10:29:08 PDT"]
[Termination "Artyom_ChessMate won by resignation"]

1. e4 c5 2. Nf3 d6 3. d4 cxd4 4. Nxd4 Nf6 5. Nc3 g6 6. Be3 Bg7 7. f3 O-O 8. Qd2 Nc6 9. g4 Nxd4 10. Bxd4 Be6 11. h4 Qa5 12. h5 Rfc8 13. a3 a6 14. hxg6 hxg6 15. Qh2 b5 16. b4 Qc7 17. Be2 a5 18. f4 axb4 19. f5 bxc3 20. fxe6 Qb7 21. exf7+ Kxf7 22. O-O Rh8 23. Qg2 Kg8 24. Bf3 e5 25.
Bxc3 Qc6 26. Bb4 Rc8 27. Rfd1 Ne8 28. c3 Bf6 29. Rd5 Kg7 30. Rad1 Be7 31. g5 Rd8 32. Bg4 Qb6+ 33. Qf2 Rh1+ 34. Kg2 Rh2+ 35. Kxh2 Qxf2+ 36. Kh1 Qh4+ 0-1

[Event "*** SCC Grand Prix: Titled Tuesday Blitz"]
[Site "Chess.com"]
[Date "2020.07.07"]
[Round "3"]
[White "sotochess"]
[Black "DonPreuss"]
[Result "1-0"]
[WhiteElo "2445"]
[BlackElo "2185"]
[TimeControl "180+1"]
[EndTime "10:29:08 PDT"]
[Termination "sotochess won by resignation"]

1. e4 e5 2. Nf3 d5 3. exd5 e4 4.
Qe2 Nf6 5. d3 Qxd5 6. Nbd2 Be7 7. dxe4 Qa5 8. Qb5+ Qxb5 9. Bxb5+ c6 10. Bd3 Bg4 11. h3 Bh5 12. O-O Nbd7 13. Re1 O-O-O 14. Bf1 Bc5 15. c3 Rhe8 16. e5 Nd5 17. Ne4 Bf8 18.
Nd6+ Bxd6 19. exd6 Bxf3 20. Rxe8 Rxe8 21. gxf3 Re1 22. b3 Nf4 23. Bb2 Rxa1 24. Bxa1 Nf6 25.
c4 b6 26. Be5 Ng6 27. Bg3 Kd7 28. Bd3 Nf8 29. b4 c5 30. Bf5+ Ne6 31. b5 Ne8 32. Bxh7 Nxd6 33. Bd3 Nd4 34. Kg2 f5 35. Be5 g6 36. h4 Ke6 37. Bf4 Nf7 38. Bb8 Ne5 39.
Bf1 Nexf3 40. Bxa7 Nxh4+ 41. Kh3 Nhf3 42. Bxb6 Kd6 43.
a4 g5 44. a5 Ne5 45. Ba7 Nd7 46. Bg2 g4+ 47. Kh4 Ke5 48. a6 Ne6 49. Bd5 Ng7 50. Bxc5 Kf4 51. Be3+ Ke5 52. a7 Nf8 53. a8=Q 1-0

[Event "*** SCC Grand Prix: Titled Tuesday Blitz"]
[Site "Chess.com"]
[Date "2020.07.07"]
[Round "3"]
[White "KuzubovYuriy"]
[Black "djano"]
[Result "1-0"]
[WhiteElo "2845"]
[BlackElo "2452"]
[TimeControl "180+1"]
[EndTime "10:29:09 PDT"]
[Termination "KuzubovYuriy won by resignation"]

1. d4 d6 2. c4 g6 3. Nc3 Bg7 4. Nf3 Nf6 5. e4 O-O 6. Be2 Bg4 7. Be3 Nfd7 8. Rc1 c5 9. d5 Na6 10. O-O Nc7 11. Qd2 Re8 12. h3 Bxf3 13. Bxf3 e6 14. Rfe1 exd5 15. exd5 Rb8 16. Be2 Qe7 17. Bf1 Qf8 18.
g3 f5 19. Kh2 a6 20. a4 Ne5 21.
Kg2 Nf7 22. f4 Re7 23. Bf2 Rbe8 24. a5 h5 25. Na4 Bf6 26. Nb6 Qg7 27. Rxe7 Rxe7 28.
Re1 Qf8 29. b4 Rxe1 30. Qxe1 g5 31. bxc5 dxc5 32. fxg5 Nxg5 33. Bd3 f4 34. gxf4 Nf7 35. Qe4 Qh6 36. Qg6+ Qxg6+ 37. Bxg6 Nd6 38. Bxc5 Nce8 39.
Bxh5 Bc3 40. Bxe8 Nxe8 41. d6 1-0

[Event "*** SCC Grand Prix: Titled Tuesday Blitz"]
[Site "Chess.com"]
[Date "2020.07.07"]
[Round "3"]
[White "IwkooO"]
[Black "CarlosAlbornoz"]
[Result "0-1"]
[WhiteElo "2585"]
[BlackElo "2802"]
[TimeControl "180+1"]
[EndTime "10:29:10 PDT"]
[Termination "CarlosAlbornoz won by resignation"]

1. e4 c5 2. Nf3 d6 3. d4 cxd4 4.
Nxd4 Nf6 5. Nc3 a6 6. Be3 e5 7. Nb3 Be6 8. Qd2 Nbd7 9. f4 Rc8 10. O-O-O b5 11. h3 Qc7 12. Bd3 Be7 13. g4 b4 14.
Ne2 a5 15. g5 Nh5 16. f5 Bc4 17. Kb1 a4 18. Nbc1 d5 19. exd5 Bxd5 20. Bb5 Bc6 21.
Bxc6 Qxc6 22. Rhf1 Nc5 23. Bxc5 Bxc5 24. Nd3 Bd6 25. Rc1 O-O 26. Qe3 e4 27. Nf2 Rfe8 28.
f6 Bc5 29. Nd4 Qb6 30. Rcd1 Rcd8 31. Nxe4 Bxd4 32. Qf3 Rxe4 33. Qxe4 Ng3 34. Qe7 Nxf1 35. Rxf1 Qd6 36. Qb7 Bxf6 37. Qf3 Bxg5 38. Qxf7+ Kh8 39. b3 axb3 40. axb3 Bf6 41. Re1 Qd1+ 0-1

[Event "*** SCC Grand Prix: Titled Tuesday Blitz"]
[Site "Chess.com"]
[Date "2020.07.07"]
[Round "3"]
[White "Unknown_IM"]
[Black "m_ezat"]
[Result "0-1"]
[WhiteElo "2346"]
[BlackElo "2537"]
[TimeControl "180+1"]
[EndTime "10:29:10 PDT"]
[Termination "m_ezat won by resignation"]

1. e4 c6 2. d4 d5 3. Nc3 b5 4.
e5 a6 5. Bd3 Qb6 6. Nge2 h5 7.
O-O h4 8. h3 Nh6 9. f4 Bf5 10.
a3 e6 11. Be3 c5 12. Bf2 Nc6 13. Bxh4 cxd4 14. Nb1 Rc8 15. Bf2 Bxd3 16. Qxd3 Nf5 17. Nd2 g5 18. g4 Ne3 19. Nxd4 Qxd4 20. Bxe3 Qxd3 21. cxd3 Rxh3 22. Rf3 Rh4 23. Rg3 d4 24. Nf3 dxe3 25. Nxh4 gxf4 26. Rh3 Nxe5 27. Nf3 Nxd3 28. Rh2 Nf2 29. Kf1 Nxg4 30. Re2 f5 31. Ng5 Kd7 32. Nf7 Ke7 33. Ng5 Bh6 34. Nf3 e5 35. Rd1 Ke6 36.
Nh4 Bg5 37. Nf3 Bf6 38. Kg2 Rg8 39. Kh3 Nf2+ 0-1

[Event "*** SCC Grand Prix: Titled Tuesday Blitz"]
[Site "Chess.com"]
[Date "2020.07.07"]
[Round "3"]
[White "GameOverBro"]
[Black "Alkhoori90"]
[Result "0-1"]
[WhiteElo "2482"]
[BlackElo "2250"]
[TimeControl "180+1"]
[EndTime "10:29:10 PDT"]
[Termination "Alkhoori90 won by resignation"]

1. e4 d5 2. exd5 Qxd5 3. Nc3 Qd6 4. Bc4 Nf6 5. d4 c6 6. Nge2 Bf5 7. Bf4 Qd8 8. Ng3 Bg6 9. O-O e6 10. Re1 Be7 11. a4 a5 12. h4 h5 13. Bb3 Nd5 14.
Nxd5 cxd5 15. c4 Nc6 16. cxd5 exd5 17. Bg5 O-O 18. Bxe7 Nxe7 19. Nxh5 Qd6 20. Ng3 Nc6 21. h5 Bh7 22. Qg4 Rad8 23. Re3 f5 24. Qh3 f4 25. Re6 Qd7 26. Rxc6 Qxh3 27. gxh3 fxg3 28. Rc3 gxf2+ 29. Kf1 Be4 30. Bc2 Rde8 31. Rd1 Bg2+ 32. Kxg2 Re1 33. Rf3 Rxf3 34. Bh7+ Kxh7 35. Rxe1 fxe1=Q 36. Kxf3 0-1

[Event "*** SCC Grand Prix: Titled Tuesday Blitz"]
[Site "Chess.com"]
[Date "2020.07.07"]
[Round "3"]
[White "MestreSoares"]
[Black "MF1966Idrisov"]
[Result "0-1"]
[WhiteElo "2104"]
[BlackElo "2324"]
[TimeControl "180+1"]
[EndTime "10:29:10 PDT"]
[Termination "MF1966Idrisov won by checkmate"]

1. Nf3 d5 2. b3 c5 3. Bb2 Nc6 4. e3 Nf6 5. Be2 Bf5 6. O-O e6 7. d4 Bd6 8. c4 O-O 9. dxc5 Bxc5 10. cxd5 exd5 11. Nc3 Qd7 12. Nb5 Rad8 13. Nbd4 Nxd4 14. Nxd4 Be4 15. Rc1 Rc8 16. Bf3 Rfd8 17. Qe2 a6 18.
Rfd1 Ba7 19. h3 Qd6 20. g3 Bb8 21. Kg2 h5 22. h4 Ng4 23. Bxe4 dxe4 24. Nf5 Qe6 25.
Nxg7 Qg6 26. Bd4 Rxc1 27. Rxc1 Bd6 28. Qc4 Bf8 29. Nxh5 Qxh5 30. Qc7 Qf5 31. Rf1 Rd7 32. Qc8 Qf3+ 33. Kg1 Rxd4 34. exd4 e3 35. Qc2 exf2+ 36. Rxf2 Qxg3+ 37. Rg2 Qe1# 0-1

[Event "*** SCC Grand Prix: Titled Tuesday Blitz"]
[Site "Chess.com"]
[Date "2020.07.07"]
[Round "3"]
[White "Ermito2020"]
[Black "JonahWillow"]
[Result "0-1"]
[WhiteElo "2469"]
[BlackElo "2688"]
[TimeControl "180+1"]
[EndTime "10:29:11 PDT"]
[Termination "JonahWillow won on time"]

1. e4 c5 2. Nf3 Nc6 3. Nc3 g6 4. h4 Bg7 5. h5 d6 6. Bc4 e6 7. d3 Ne5 8. Nxe5 dxe5 9. Be3 b6 10. Bb5+ Bd7 11. a4 a6 12. Bxd7+ Qxd7 13. a5 Nf6 14. hxg6 hxg6 15. Rxh8+ Bxh8 16. axb6 Qc6 17. Na4 Nd7 18. Qd2 Bg7 19. Qa5 Bf8 20. b3 Rb8 21. Ke2 f5 22. f3 Kf7 23. Rh1 Kg8 24. Qxa6 Nxb6 25. Bd2 c4 26.
Nxb6 cxb3 27. cxb3 Rxb6 28. Qc4 Qxc4 29. bxc4 Rb2 30.
Rd1 Bc5 31. Ke1 Kf7 32. Ra1 Bd4 33. Ra6 Rb1+ 34. Ke2 Rg1 35. Rc6 Rxg2+ 36. Kd1 Rf2 37. Rc7+ Kg8 38. c5 Rxf3 39. c6 Rf1+ 40. Kc2 Ra1 41.
Rd7 Ra2+ 0-1

[Event "*** SCC Grand Prix: Titled Tuesday Blitz"]
[Site "Chess.com"]
[Date "2020.07.07"]
[Round "3"]
[White "Benjoneliere44"]
[Black "imdarealist"]
[Result "1-0"]
[WhiteElo "2530"]
[BlackElo "2335"]
[TimeControl "180+1"]
[EndTime "10:29:11 PDT"]
[Termination "Benjoneliere44 won by resignation"]

1. d4 d5 2. c4 e6 3. Nc3 Nf6 4. cxd5 exd5 5. Bg5 c6 6. e3 Be7 7. Qc2 h6 8. Bh4 Nh5 9. Bxe7 Qxe7 10. O-O-O g6 11. h3 Nd7 12. g4 Ng7 13. Nge2 Nb6 14. Nf4 Ne6 15. Nd3 Bd7 16. Kb1 O-O-O 17. Ka1 Kb8 18.
a3 Rc8 19. Bg2 Nc4 20. Rhe1 Qd6 21. f4 Rhe8 22. Ne5 Nxe5 23. fxe5 Qc7 24. Rf1 Rf8 25. Rf6 Qd8 26. Rdf1 Qe7 27. Qb3 Ka8 28. R1f2 Nc7 29.
Na4 Ne8 30. R6f3 f5 31. Nc5 Rb8 32. Nxd7 Qxd7 33. gxf5 gxf5 34. h4 Qe7 35. Rf4 Nc7 36. h5 Qg5 37. Qc2 Ne6 38. Rxf5 Qxe3 39. Rxf8 Rxf8 40.
Rxf8+ Nxf8 41. Qf5 a5 42. Qxf8+ Ka7 43. Qc5+ Ka6 44.
Bf1+ b5 45. Qxc6+ Ka7 46. Bxb5 Qe1+ 47. Ka2 Qe3 48. Qc7+ Ka8 1-0

[Event "*** SCC Grand Prix: Titled Tuesday Blitz"]
[Site "Chess.com"]
[Date "2020.07.07"]
[Round "3"]
[White "Morshynska"]
[Black "Irishchessman16"]
[Result "1-0"]
[WhiteElo "2192"]
[BlackElo "2424"]
[TimeControl "180+1"]
[EndTime "10:29:11 PDT"]
[Termination "Morshynska won by checkmate"]

1. e4 e5 2. Nf3 Nc6 3. d4 exd4 4. Nxd4 Bb4+ 5. c3 Bc5 6. Be3 Bb6 7. Na3 Nf6 8. Qf3 Nxd4 9. Bxd4 Bxd4 10. cxd4 Qe7 11.
e5 d6 12. Bb5+ c6 13. O-O cxb5 14. exf6 Qxf6 15. Rfe1+ Kd8 16. Qc3 Bd7 17. Nxb5 Bc6 18. Qb4 a5 19. Qxd6+ Qxd6 20. Nxd6 Rf8 21. d5 Bxd5 22. Rad1 Be6 23. Nxf7+ Kc7 24. Rxe6 Rxf7 25.
Rc1+ Kd7 26. Re2 Raf8 27. f3 Kd6 28. Rc3 Kd5 29. Rd2+ Ke5 30. Rc5+ Kf4 31. Rxa5 Re7 32. Kf2 Rd7 33. g3# 1-0

[Event "*** SCC Grand Prix: Titled Tuesday Blitz"]
[Site "Chess.com"]
[Date "2020.07.07"]
[Round "3"]
[White "MihailNik"]
[Black "Micki-taryan"]
[Result "0-1"]
[WhiteElo "2688"]
[BlackElo "3050"]
[TimeControl "180+1"]
[EndTime "10:29:12 PDT"]
[Termination "Micki-taryan won by resignation"]

1. c4 e5 2. g3 g6 3. Bg2 Bg7 4. Nc3 Nc6 5. e4 Nge7 6. Nge2 d6 7. d3 O-O 8. O-O f5 9. f4 Kh8 10. Nd5 Nxd5 11. cxd5 Ne7 12. fxe5 dxe5 13. d4 fxe4 14.
Rxf8+ Qxf8 15. dxe5 Bxe5 16. Bf4 Qf6 17. Bxe4 Bf5 18. Bxf5 Nxf5 19. Rc1 Re8 20. Qd2 Bd6 21. Bxd6 cxd6 22. Nf4 Nd4 23. Qd3 Nf5 24. Qc3 Qxc3 25. Rxc3 Re7 26. Ne6 h6 27. Rc8+ Kh7 28. Rd8 h5 29.
Kg2 Ne3+ 30. Kf3 Nxd5 31. Rxd6 Nb6 32. Ng5+ Kh6 33. h4 Nc4 34. Rd8 Kg7 35. b3 Ne5+ 36.
Kg2 Ng4 37. Kf3 Ne5+ 38. Kf4 Nc6 39. Rd6 a5 40. Ne6+ Kh6 41. Nc5 Ne5 42. Ne4 Ng4 43. Rb6 Rf7+ 44. Nf6 Rxf6+ 0-1